 Dungeon Crawl Stone Soup version 0.27-a0-1557-g57f10a385c (webtiles) character file.

Game seed: 12621848703363958411

5234 flotson the Covert (level 10, 0/79 HPs)
             Began as a Merfolk Delver on July 15, 2021.
             Slain by a manticore (16 damage)
             ... on level 10 of the Dungeon.
             The game lasted 00:17:27 (11760 turns).

flotson the Covert (Merfolk Delver)                Turns: 11760, Time: 00:17:29

Health: 0/79       AC: 10    Str: 23    XL:     10   Next: 61%
Magic:  10/10      EV: 14    Int:  9    God:
Gold:   916        SH:  5    Dex: 15    Spells: 9/9 levels left

rFire    . . .     SeeInvis +   a - +4 quarterstaff (chaos)
rCold    . . .     Faith    .   (shield currently unavailable)
rNeg     . . .     Spirit   .   s - +0 scale mail {Will+}
rPois    +         Reflect  +   (no helmet)
rElec    .         Harm     .   t - +2 cloak {rPois}
rCorr    .         Rampage  .   (no gloves)
Will     +....                  (no boots)
Stlth    +++.......             j - amulet of reflection
HPRegen  0.23/turn              B - +6 ring of strength
MPRegen  0.12/turn              z - ring of see invisible

@: no status effects
A: (nimble swimmer 2), mertail
a: no special abilities


You were on level 10 of the Dungeon.
You visited 1 branch of the dungeon, and saw 10 of its levels.

You collected 916 gold pieces.

Inventory:

Hand Weapons
 a - a +4 quarterstaff of chaos (weapon)
 b - a +2 flail of protection
Missiles
 e - 5 boomerangs of dispersal
 w - 27 poisoned darts (quivered)
 x - 9 boomerangs
 J - a throwing net
 V - 7 javelins
Armour
 p - a +0 buckler
 s - a +0 scale mail of willpower (worn)
 t - a +2 cloak of poison resistance (worn)
Jewellery
 d - a ring of positive energy
 j - an amulet of reflection (around neck)
 q - a ring of poison resistance
 z - a ring of see invisible (right hand)
 B - a +6 ring of strength (left hand)
 O - a ring of ice
 T - a ring of protection from fire
Wands
 g - a wand of digging (3)
 h - a wand of paralysis (14)
 m - a wand of polymorph (11)
 F - a wand of flame (35)
 H - a wand of acid (12)
 Q - a wand of iceblast (9)
Scrolls
 c - 3 scrolls of fog
 f - 3 scrolls of enchant armour {unknown}
 i - 2 scrolls of vulnerability {unknown}
 o - a scroll of brand weapon {unknown}
 r - 2 scrolls of silence {unknown}
 y - 2 scrolls of immolation {unknown}
 A - 3 scrolls of amnesia {unknown}
 E - 2 scrolls of teleportation {unknown}
 G - a scroll of blinking {unknown}
 N - a scroll of summoning {unknown}
 R - 2 scrolls of holy word {unknown}
Potions
 k - 2 potions of heal wounds
 l - 2 potions of haste
 n - a potion of attraction
 u - a potion of ambrosia {unknown}
 v - 3 potions of might
 C - a potion of resistance {unknown}
 D - a potion of flight
 I - 2 potions of lignification
 K - 2 potions of mutation
 L - 3 potions of invisibility
 M - a potion of berserk rage {unknown}
 S - 4 potions of curing
 X - a potion of degeneration {unknown}


   Skills:
 + Level 7.1 Fighting
 + Level 8.7 Polearms
 + Level 5.2 Throwing
 + Level 4.2 Armour
 + Level 8.2 Dodging
 + Level 8.9 Stealth
 + Level 2.1 Shields
 + Level 5.6 Evocations


You had 9 spell levels left.
You didn't know any spells.
Your spell library contained the following spells:

 Spells                   Type           Power      Damage    Failure   Level
 Poisonous Vapours        Pois/Air       0%         N/A       83%         2
 Slow                     Hex            0%         N/A       83%         2
 Confusing Touch          Hex            0%         N/A       96%         3
 Mephitic Cloud           Conj/Pois/Air  0%         N/A       96%         3
 Portal Projectile        Hex/Tloc       0%         N/A       96%         3
 Stone Arrow              Conj/Erth      0%         3d7       96%         3
 Animate Armour           Summ/Erth      0%         N/A       100%        4
 Blade Hands              Tmut           0%         N/A       100%        5
 Excruciating Wounds      Necr           0%         N/A       100%        5
 Freezing Cloud           Conj/Ice/Air   0%         6-21      100%        5
 Yara's Violent Unravell  Hex/Tmut       0%         3d3       100%        5
 Lehudib's Crystal Spear  Conj/Erth      0%         10d2      100%        8


Dungeon Overview and Level Annotations

Branches:
Dungeon (10/15)            Temple (0/1) D:6             Orc (0/2) D:10
   Lair: D:8-11

Altars:
Ashenzari
Cheibriados
Dithmenos
Hepliaklqana
Sif Muna
Uskayaw
Wu Jian
Yredelemnul
Zin
The Shining One


Innate Abilities, Weirdness & Mutations

((You are quick and stealthy near water. (Stealth+, EV+, Speed+++)))
Your lower body shifts to a powerful aquatic tail in water.


Message History

You sock the manticore!
The manticore is moderately wounded.
The manticore bites you! The manticore claws you!
The manticore closely misses you.
You sock the manticore!
The manticore is poisoned.
The manticore is heavily wounded.
The manticore closely misses you. The manticore claws you.
You block the manticore's attack. The manticore misses you.
The manticore completely misses you. The manticore claws you!
You are too injured to fight recklessly!
You are too injured to fight recklessly!
You sock the manticore!
The manticore goes berserk!
The manticore is severely wounded.
The manticore bites you but does no damage.
The manticore claws you!
* * * LOW HITPOINT WARNING * * *
The manticore claws you!
* * * LOW HITPOINT WARNING * * *
You feel much better. You block the manticore's attack.
The manticore claws you but does no damage.
The manticore claws you.
The manticore bites you but does no damage.
The manticore barely misses you. The manticore claws you!
* * * LOW HITPOINT WARNING * * *
Aiming: Corrosive Bolt
Press: ? - help, Shift-Dir - straight line, f - manticore
Aim: a manticore (severely wounded, berserk, very poisoned, 84% to hit)
The bolt of acid misses the manticore.
The manticore bites you!
* * * LOW HITPOINT WARNING * * *
The manticore claws you.
* * * LOW HITPOINT WARNING * * *
The manticore claws you.
* * * LOW HITPOINT WARNING * * *
You feel much better.
The manticore bites you but does no damage.
The manticore claws you!
* * * LOW HITPOINT WARNING * * *
The manticore claws you but does no damage.
The manticore closely misses you. The manticore claws you!
You die...

#.# #.# #.#
.........## #.#
### ..........##
#>#
...........###.#
............##.#
.............#.#
.............#.#
/.♣/(♣.......#.#
......H@.....'.#
.............'.#
..♣..♣.......#.#
.............###
(........:...#
............##
.........?.##
.........##
.......(##


You could see a manticore (berserk, very poisoned).

Vanquished Creatures
  Psyche (D:10)
  2 hornets
  A troll (D:9)
  A shadow (D:10)
  2 steam dragons
  3 water moccasins
  Menkaure (D:7)
  Duvessa (D:7)
  An orc warrior (D:8)
  2 ice beasts
  A black bear (D:6)
  2 sky beasts
  A hornet zombie (D:8)
  3 necrophages
  A centaur (D:6)
  2 kobold brigands
  3 phantoms
  2 bullfrogs
  2 scorpions
  A wyvern zombie (D:7)
  A water moccasin zombie (D:5)
  Dowan (D:7)
  A wyvern skeleton (D:6)
  2 water moccasin skeletons (D:4)
  4 killer bees (D:9)
  6 electric eels (D:6)
  A howler monkey (D:4)
  A bullfrog zombie (D:3)
  A centaur zombie (D:6)
  A jelly (D:7)
  A bullfrog skeleton (D:6)
  2 centaur skeletons (D:6)
  Crazy Yiuf (D:2)
  2 hounds
  5 orc priests
  A gnoll shaman (D:6)
  3 iguanas
  7 orc wizards
  A centaur simulacrum (D:10)
  A hound skeleton (D:4)
  2 howler monkey zombies
  10 gnolls
  A howler monkey skeleton (D:4)
  7 adders
  2 white imps
  2 ufetubi
  An adder skeleton (D:4)
  5 worms
  28 orcs
  5 ball pythons
  7 bats
  8 endoplasms
  4 giant cockroaches
  7 goblins
  10 hobgoblins
  6 jackals
  A quokka (D:3)
  4 frilled lizards
  17 kobolds
  4 rats
207 creatures vanquished.

Vanquished Creatures (others)
  An orc wizard (D:10)
1 creature vanquished.

Grand Total: 208 creatures vanquished

Notes
Turn   | Place    | Note
-------+----------+-------------------------------------------
     0 | D:5      | flotson the Merfolk Delver began the quest for the Orb.
     0 | D:5      | Reached XP level 1. HP: 18/18 MP: 1/1
    39 | D:5      | Noticed an ice beast
    86 | D:5      | Noticed a phantom
   226 | D:4      | Reached skill level 1 in Evocations
   226 | D:4      | Reached XP level 2. HP: 5/24 MP: 2/2
   226 | D:4      | Reached XP level 3. HP: 7/29 MP: 3/3
   524 | D:4      | Reached XP level 4. HP: 31/37 MP: 4/4
   814 | D:4      | Noticed a phantom
  1459 | D:1      | Reached skill level 1 in Armour
  1856 | D:1      | Found a faded altar of an unknown god.
  2303 | D:2      | Reached XP level 5. HP: 38/42 MP: 5/5
  2980 | D:2      | Found a runed translucent door.
  2981 | D:2      | Noticed Crazy Yiuf
  3121 | D:2      | Killed Crazy Yiuf
  3438 | D:3      | Found a shimmering blue altar of Sif Muna.
  3438 | D:3      | Found a glowing silver altar of Zin.
  3887 | D:3      | Reached skill level 1 in Throwing
  3931 | D:3      | Reached XP level 6. HP: 48/48 MP: 6/6
  4125 | D:4      | Found a broken altar of Ashenzari.
  4286 | D:4      | Noticed a necrophage
  4291 | D:4      | Killed a necrophage
  4297 | D:4      | Reached XP level 7. HP: 45/55 MP: 7/7
  4506 | D:4      | Reached skill level 5 in Polearms
  4680 | D:5      | Reached skill level 5 in Dodging
  4796 | D:5      | Reached XP level 8. HP: 58/61 MP: 8/8
  4967 | D:5      | Reached skill level 5 in Fighting
  6097 | D:6      | Reached XP level 9. HP: 66/69 MP: 9/9
  6849 | D:6      | Found a staircase to the Ecumenical Temple.
  6980 | D:6      | Found an ornate altar of the Wu Jian Council.
  7293 | D:7      | Noticed Dowan
  7295 | D:7      | Noticed Duvessa
  7305 | D:7      | Killed Duvessa
  7315 | D:7      | Killed Dowan
  7542 | D:7      | Noticed Menkaure
  7549 | D:7      | Killed Menkaure
  8047 | D:7      | Found a hazy altar of Hepliaklqana.
  8047 | D:7      | Found a shadowy altar of Dithmenos.
  8059 | D:7      | Found a snail-covered altar of Cheibriados.
  8562 | D:8      | Noticed a hornet
  8855 | D:8      | Reached skill level 5 in Evocations
  8933 | D:8      | Found a hide-covered altar of Uskayaw.
  8969 | D:8      | Reached XP level 10. HP: 75/77 MP: 10/10
  9038 | D:8      | Paralysed by a hornet for 1 turns
  9762 | D:9      | Reached skill level 1 in Shields
 10238 | D:9      | Found a basalt altar of Yredelemnul.
 10240 | D:9      | Noticed a profane servitor
 10470 | D:9      | Found a glowing golden altar of the Shining One.
 10472 | D:9      | Noticed an angel
 10568 | D:9      | Reached skill level 5 in Throwing
 11025 | D:9      | Identified the amulet of Jymeduxe {Faith -Tele rPois rF+}
 11196 | D:10     | Entered Level 10 of the Dungeon
 11235 | D:10     | Found a staircase to the Orcish Mines.
 11699 | D:10     | Noticed Psyche
 11701 | D:10     | Killed Psyche
 11726 | D:10     | Noticed a manticore
 11759 | D:10     | HP: 3/79 [manticore (3)]
 11760 | D:10     | Slain by a manticore

Illustrated notes

Levels and vault maps discovered:
D:1:      amcnicky_arrival_choice, layout_basic,
          shapermc_ecumenical_altar_notcrosses, corexii_item_surrounded_by_moat
D:2:      layout_basic, feat_on_display, uniq_crazy_yiuf_cottage
D:3:      layout_loops_cross, gammafunk_temple_overflow_statue,
          minmay_box_of_dots
D:4:      minmay_polygon_palace, layout_rooms, ashenzari_altar_1,
          patterned_corridor
D:5:      layout_rooms
D:6:      layout_basic, nicolae_wu_jian_glorious_leap,
          minmay_temple_entry_nine_rooms, minmay_strange_pillars,
          kennysheep_boxes
D:7:      layout_gridville, riverfiend_overflow_shadow_ancestor,
          cheibriados_altar_1, uniq_duvessa, uniq_menkaure
D:8:      layout_loops_cross, nicolae_uskayaw_dance_hall, st_stairs_7,
          kennysheep_doodads
D:9:      layout_basic, grunt_temple_overflow_holy_war, hangedman_glass_teeth,
          amcnicky_mini_corridor_feature
D:10:     kennysheep_big_flooded_room, layout_loops_ring, david_orc_1_choice,
          uniq_psyche

Skill      XL: |  1  2  3  4  5  6  7  8  9 10 |
---------------+-------------------------------+-----
Dodging        | 3 4 5 6 7 8 |  8.2
Evocations     | 1 2 3 4 5 |  5.6
Armour         | 1 2 3 4 |  4.2
Stealth        | 6 7 8 |  8.9
Polearms       | 4 5 6 8 |  8.7
Fighting       | 4 5 6 7 |  7.1
Throwing       | 1 2 3 4 5 |  5.2
Shields        | 2 |  2.1

Action                   |  1- 3 |  4- 6 |  7- 9 | 10-12 || total
-------------------------+-------+-------+-------+-------++-------
Melee: Spear             |    47 |   245 |       |       ||   292
       Quarterstaff      |       |    87 |   257 |   136 ||   480
Throw: Dart              |       |       |     3 |     7 ||    10
Evoke: Wand              |       |     1 |    16 |     4 ||    21
  Use: Scroll            |     1 |     1 |     6 |     3 ||    11
       Potion            |     1 |       |       |     4 ||     5
 Stab: Sleeping          |     1 |    15 |     8 |     2 ||    26
       Paralysed         |       |     8 |     2 |     2 ||    12
       Confused          |       |       |     2 |       ||     2
Armor: Ring mail         |    16 |    49 |       |       ||    65
       Scale mail        |       |    48 |   104 |    45 ||   197
Dodge: Dodged            |    18 |   147 |   205 |    93 ||   463
Block: Other             |       |    69 |    71 |    31 ||   171

Table legend: (Time is in decaauts)
 A = Elapsed time spent in this place.
 B = Non-inter-level travel time spent in this place.
 C = Inter-level travel time spent in this place.
 D = Time resting spent in this place.
 E = Time spent auto-exploring this place.
 F = Levels seen in this place.
 G = Mean time per level.
                   A        B        C        D        E       F      G
               +--------+--------+--------+--------+--------+-----+--------+
         Total |  11770 |  11271 |    499 |    306 |   9076 |  10 | 1177.0 |
       Dungeon |  11770 |  11271 |    499 |    306 |   9076 |  10 | 1177.0 |
               +--------+--------+--------+--------+--------+-----+--------+

Top non-repeatable levels by time:
     D:6: 1951 daAuts
     D:2: 1507 daAuts
     D:7: 1499 daAuts
     D:9: 1494 daAuts
     D:8: 1192 daAuts
     D:4: 1136 daAuts
     D:1: 918 daAuts
     D:3: 861 daAuts
     D:5: 776 daAuts
    D:10: 432 daAuts
